 Dungeon Crawl Stone Soup version 0.29.0-4-gdea44cf6ec (webtiles) character file.

Game seed: 18187596899097460429

35 qw the Chopper (level 3, -6/21 HPs)
             Began as a Tengu Warper on Aug 29, 2022.
             Mangled by a kobold
             ... wielding a +3 whip of electrocution
              (10 damage)
             ... on level 2 of the Dungeon.
             The game lasted 00:00:37 (1925 turns).

qw the Chopper (Tengu Warper)                       Turns: 1925, Time: 00:00:37

Health: -6/21      AC:  3    Str: 13    XL:     3   Next: 35%
Magic:  7/7        EV: 16    Int: 13    God:
Gold:   97         SH:  0    Dex: 13    Spells: 6/6 levels left

rFire   . . .      SeeInvis .   Y - +0 hand axe
rCold   . . .      Faith    .   (no shield)
rNeg    . . .      Spirit   .   b - +0 leather armour
rPois   .          Reflect  .   (helmet restricted)
rElec   .          Harm     .   (no cloak)
rCorr   .          Rampage  .   (no gloves)
Will    .....                   (boots unavailable)
Stlth   +.........              (no amulet)
HPRegen 0.07/turn               g - +4 ring of evasion
MPRegen 0.10/turn               (no ring)

@: no status effects
A: beak, talons 3
a: no special abilities


You were on level 2 of the Dungeon.
You visited 1 branch of the dungeon, and saw 2 of its levels.

You collected 97 gold pieces.


Innate Abilities, Weirdness & Mutations

You have a beak for a mouth.
You have claws for feet.


   Skills:
 - Level 2.0 Fighting
 + Level 4.1 Axes
 - Level 1.0 Throwing
 - Level 1.1 Armour
 - Level 2.1 Dodging
 - Level 2.0 Spellcasting
 - Level 2.4 Translocations


You had 6 spell levels left.
You didn't know any spells.
Your spell library contained the following spells:

 Spells                   Type           Power      Damage    Failure   Level
 Blink                    Tloc           14%        N/A       19%         2
 Gell's Gravitas          Tloc           7%         N/A       36%         3
 Lesser Beckoning         Tloc           7%         N/A       36%         3
 Teleport Other           Tloc           7%         N/A       36%         3
 Manifold Assault         Tloc           7%         N/A       98%         5

Inventory:

Hand Weapons
 d - a +0 whip
 Y - a +0 hand axe (weapon)
Armour
 b - a +0 leather armour (worn)
 c - a +0 scale mail
Jewellery
 f - an amulet of guardian spirit
 g - a +4 ring of evasion (left hand)
 h - a ring of ice
Scrolls
 a - a scroll of identify
Potions
 e - a potion of resistance
 j - a potion of heal wounds {unknown}
 k - 2 potions of curing {unknown}
 l - a potion of haste {unknown}

Dungeon Overview and Level Annotations

Branches:
Dungeon (2/15)

Altars:


Message History

You closely miss the kobold. The kobold barely misses you.
You hit the kobold.
You kill the kobold!
The bat misses you.
A kobold comes into view. It is wielding a +0 club.
1780 ||| Stepping ~*~*~tactically~*~*~ (stealth).
The bat hits you.
You barely miss the bat. Your kick misses the bat. The bat hits you.
The bat barely misses you.
You completely miss the bat. You claw the bat.
You kill the bat!
You barely miss the kobold. Your kick misses the kobold. You peck the kobold.
You kill the kobold!
You start resting.
HP restored.
You now have 90 gold pieces (gained 17).
Things that are here:
a +0 club; a kobold corpse; a bat corpse
Found an escape hatch in the ceiling.
Things that are here:
a +0 dagger; 4 stones You now have 97 gold pieces (gained 7).
A kobold comes into view.
It is wielding a +3 whip of electrocution.
The kobold shouts!
The kobold throws a stone.
The stone completely misses you.
Enter note:
Enter note:
Enter note: The kobold throws a stone.
The stone hits you.
The kobold throws a stone.
The stone barely misses you.
The kobold throws a stone.
The stone barely misses you.
You closely miss the kobold. You peck the kobold, but do no damage.
The kobold hits you with a +3 whip of electrocution. x2
You closely miss the kobold. Your kick misses the kobold.
The kobold hits you with a +3 whip of electrocution.
You completely miss the kobold. You peck the kobold, but do no damage.
The kobold hits you with a +3 whip of electrocution.
You are electrocuted!
You die...

######
#########
#....#
......K.#
#.##.#
#@#
#.##.#
#.#
#.##.#
#.#
#.##.#
#.#
#.##.#
#.#
#.##.#
#.#
#.##.#
#.#
#.##.#
#.#
#.##..
#.#
#.####


You could see a kobold.

Vanquished Creatures
  An adder (D:2)
  2 endoplasms (D:1)
  A goblin (D:2)
  3 hobgoblins (D:1)
  7 kobolds
  3 quokkas (D:1)
  3 ball pythons (D:1)
  2 bats (D:2)
  2 frilled lizards
24 creatures vanquished.

Notes
Turn   | Place    | Note
-------+----------+-------------------------------------------
     0 | D:1      | qw the Tengu Warper began the quest for the Orb.
     0 | D:1      | Reached XP level 1. HP: 12/12 MP: 4/4
     0 | D:1      | 0 ||| qw: Version: 0.1-a-89-g26bdef1
     0 | D:1      | 0 ||| qw: Game counter: 3613
     0 | D:1      | 0 ||| qw: Always use a shield: true
     0 | D:1      | 0 ||| qw: God list: Okawaru
     0 | D:1      | 0 ||| qw: Allow faded altars: false
     0 | D:1      | 0 ||| qw: Do Orc after D:15 true
     0 | D:1      | 0 ||| qw: Do second Lair branch before Depths: true
     0 | D:1      | 0 ||| qw: Lair rune preference: random
     0 | D:1      | 0 ||| qw: Plans: Normal
     0 | D:1      | 0 ||| PLANNING D:1-11
    39 | D:1      | 39 ||| Stepping ~*~*~tactically~*~*~ (stealth).
   181 | D:1      | 181 ||| Stepping ~*~*~tactically~*~*~ (stealth).
   182 | D:1      | 182 ||| Stepping ~*~*~tactically~*~*~ (stealth).
   400 | D:1      | Reached skill level 3 in Axes
   400 | D:1      | Reached XP level 2. HP: 17/17 MP: 6/6
   906 | D:1      | Found a faded altar of an unknown god.
  1295 | D:1      | 1295 ||| UPGRADING to +4 ring of evasion.
  1296 | D:1      | 1296 ||| READING 4 scrolls labelled YRPHYELLISA.
  1297 | D:1      | 1297 ||| READING 3 scrolls of identify.
  1297 | D:1      | 1297 ||| IDENTIFYING glowing emerald potion
  1298 | D:1      | 1298 ||| READING 2 scrolls of identify.
  1298 | D:1      | 1298 ||| IDENTIFYING fuming pink potion
  1299 | D:1      | 1299 ||| DROPPING scroll of blinking.
  1300 | D:1      | 1300 ||| DROPPING potion of magic.
  1446 | D:2      | HP: 3/17 [adder (4)]
  1448 | D:2      | Reached XP level 3. HP: 4/21 MP: 7/7
  1706 | D:2      | Reached skill level 4 in Axes
  1780 | D:2      | 1780 ||| Stepping ~*~*~tactically~*~*~ (stealth).
  1925 | D:2      | HP: 4/21 [kobold/+3 whip of electrocution (5)]
  1925 | D:2      | Mangled by a kobold

Levels and vault maps discovered:
D:1:      dpeg_arrival_line_fractal, layout_basic,
          shapermc_ecumenical_altar_starsandcircs, grunt_decor_resistance,
          st_stairs_1
D:2:      layout_basic, uniq_sigmund

Skill      XL: |  1  2  3 |
---------------+----------+-----
Axes           | 3 4 |  4.1
Fighting       | |  2.0
Throwing       | |  1.0
Armour         | |  1.1
Dodging        | |  2.1
Spellcasting   | |  2.0
Translocations | |  2.4

Action                   || total
-------------------------++-------
Melee: Hand axe          ||    56
       Kick              ||    13
       Peck              ||     8
       Punch             ||     1
Throw: Boomerang         ||     7
  Use: Scroll            ||     3
Armor: Leather armour    ||     5
Dodge: Dodged            ||    33

Table legend:
 A = Non-vault XP
 B = Vault XP
 C = Vault XP percentage of total XP
 D = Non-vault monster count
 E = Vault monster count
 F = Vault count percentage of total count
                 A         B        C        D         E       F
            +---------+---------+-------+---------+---------+-------
      Total |      47 |       4 |   7.8 |      22 |       2 |   8.3
            +---------+---------+-------+---------+---------+-------
        D:1 |      24 |       4 |  14.3 |      13 |       2 |  13.3
        D:2 |      23 |       0 |   0.0 |       9 |       0 |   0.0
            +---------+---------+-------+---------+---------+-------
